 Dungeon Crawl Stone Soup version 0.20-a0-871-g785f14b (webtiles) character file.

80819 LordEnrai the Severer (level 15, -2/211 HPs)
             Began as a Minotaur Berserker on Mar 14, 2017.
             Was a High Priest of Trog.
             Slain by Margery
             ... wielding a +5 demon blade
              (25 damage)
             ... on level 1 of the Depths.
             The game lasted 01:17:37 (24732 turns).

LordEnrai the Severer (Minotaur Berserker)         Turns: 24732, Time: 01:17:39

Health: -2/211     AC: 25    Str: 32    XL:     15   Next: 24%
Magic:  14/14      EV: 13    Int:  4    God:    Trog [*****.]
Gold:   1770       SH:  4    Dex:  8    Spells: 14/14 levels left

rFire    . . .     SeeInvis .   M - +5 battleaxe (elec)
rCold    . . .     Gourm    .   L - +0 plate armour
rNeg     + + .     Faith    .   (shield currently unavailable)
rPois    +         Spirit   .   t - +1 hat
rElec    +         Reflect  .   u - +0 cloak
rCorr    .         Harm     +   (no gloves)
MR       ++++.                  g - +2 pair of boots
Stlth    ..........             w - amulet of harm
Regen    1.5/turn               b - +5 ring of slaying
MPRegen  0.2/turn               G - ring of the Iron Devil {rElec rPois rN++ AC+2 Dex-3}

@: berserking, regenerating, very quick
A: retaliatory headbutt, horns 2, large bone plates 1, magic resistance 1
a: Berserk, Trog's Hand, Brothers in Arms, Burn Spellbooks, Renounce Religion


You were on level 1 of the Depths.
You worshipped Trog.
Trog was extremely pleased with you.
You were very hungry.

You visited 3 branches of the dungeon, and saw 17 of its levels.
You also visited: Ice Cave.

You collected 1770 gold pieces.

Inventory:

Hand Weapons
 C - a +1 antimagic battleaxe
 K - a +0 arbalest
 M - a +5 battleaxe of electrocution (weapon)
 Q - a +2 battleaxe of freezing
Missiles
 s - 8 tomahawks
 I - 123 bolts (quivered)
Armour
 g - a +2 pair of boots (worn)
 t - a +1 hat (worn)
 u - a +0 cloak (worn)
 D - +0 ice dragon scales
 L - a +0 plate armour (worn)
Jewellery
 b - a +5 ring of slaying (right hand)
 e - an uncursed ring of protection from cold
 n - an uncursed ring of protection from magic
 w - an amulet of harm (around neck)
 y - a +4 ring of evasion
 z - an uncursed ring of protection from magic
 E - the ring of Uvviuq {+Fly MP+9}
   (You found it in an ice cave)

   [ring of magical power]

   It affects your magic capacity (+9).
   It lets you fly.
 G - the ring of the Iron Devil (left hand) {rElec rPois rN++ AC+2 Dex-3}
   (You found it in an ice cave)

   [ring of protection]

   It affects your AC (+2).
   It affects your dexterity (-3).
   It insulates you from electricity.
   It protects you from poison.
   It greatly protects you from negative energy.
 P - the ring "Ygroeb" {rF+ Int+3 Dex+4, unknown}
   (You took it off a tengu reaver on level 1 of the Depths)

   [ring of protection from fire]

   It affects your intelligence (+3).
   It affects your dexterity (+4).
   It protects you from fire.
Wands
 a - a wand of random effects (21/48)
 q - a wand of iceblast (6/15)
 x - a wand of lightning (0/15)
 H - a wand of polymorph (16/24)
 N - a wand of flame (31/48)
 R - a wand of paralysis (9/24)
Scrolls
 f - a scroll of teleportation
 i - a scroll of fear
 k - 4 scrolls of immolation
 m - 2 scrolls of enchant armour
 r - 8 scrolls of remove curse
 v - a scroll of magic mapping
 A - a scroll of blinking
 O - a scroll of enchant weapon
Potions
 h - 3 potions of agility
 o - 8 potions of curing
 p - a potion of heal wounds
 F - a potion of haste
Miscellaneous
 B - a phial of floods
Comestibles
 c - 4 bread rations
 d - 11 royal jellies
 j - 10 fruits
 l - 9 meat rations


   Skills:
 - Level 15.4 Fighting
 - Level 16.0 Axes
 * Level 11.0 Crossbows
 + Level 16.0 Armour
 - Level 11.5 Dodging
 - Level 0.3 Evocations


You had 14 spell levels left.
You didn't know any spells.

Dungeon Overview and Level Annotations

Branches:
Dungeon (15/15)            Temple (1/1) D:6            Lair (0/6) D:11
    Orc (0/2) D:10         Vaults (0/5) D:14         Depths (1/5) D:15

Altars:
Ashenzari
Cheibriados
Dithmenos
Elyvilon
Fedhas
Gozag
Hepliaklqana
Kikubaaqudgha
Makhleb
Nemelex Xobeh
Okawaru
Qazlal
Ru
Sif Muna
Trog
Uskayaw
Vehumet
Wu Jian
Xom
Yredelemnul
Zin
The Shining One
Beogh

Shops:
D:11 !   D:13 *   D:15 }   Depths:1 *

Portals:
Hell: Depths:1
Trove: Depths:1 (give 11 potions of heal wounds)

Annotations:
Depths:1 Margery


Innate Abilities, Weirdness & Mutations

You reflexively headbutt those who attack you in melee.
You have a pair of horns on your head.
You are partially covered in large bone plates. (SH +4)
You are resistant to hostile enchantments. (MR+)


Message History

Margery casts a spell at you. The bolt of fire hits you!
* * * LOW HITPOINT WARNING * * *
The hell knight casts a spell.
The hell knight seems to speed up.
The necromancer closely misses you. You furiously retaliate!
You headbutt the necromancer!
A red film seems to cover your vision as you go berserk!
You feel yourself moving faster!
You feel mighty!
You are feeling very hungry.
You block the hell knight's attack.
Margery hits you with an enchanted demon blade!!
* * * LOW HITPOINT WARNING * * *
The necromancer hits you but does no damage.
You slice Margery!! Lightning courses through Margery!
Margery is severely wounded.
You barely miss the necromancer. You slash the hell knight!
Lightning courses through the hell knight!
You block the hell knight's attack.
Margery hits you with an enchanted demon blade!!
You die... #.# #.# #...# #.PPPP

#'## ###'##### #.### #..... ...#
#######.......# #.########## ...#
#.....'.♣♣♣♣♣.###.##...##### ...#
#>#####.♣ ♣.#.............
...###.#####.#######.#.###.#.#.#.
...##......###..∩..###.##..##.##.
...'...###.##.......#......##....
...##.####'##..p@%..#.##+#.####..
#'###.#.§pp#...p8@....# ..##..#.
......'...)..(..p..)### ........
......#...........### .......+.
#.##.##..........## .......#.
#.##.##.......#### .......#.
#.##.##.......# .......##
#.##.##......$# .......
#.##.###'###'## ####


You could see Margery, 2 hell knights and a necromancer.

Vanquished Creatures
  A juggernaut (D:15)
  A sphinx (D:15)
  A tengu reaver (Depths:1)
  2 frost giants
  2 fire giants
  An emperor scorpion (D:10)
  3 stone giants (Depths:1)
  3 very ugly things (D:15)
  A fire dragon (D:15)
  A yaktaur captain (Depths:1)
  A rakshasa (Depths:1)
  The ghost of Gorgondantess the Zephyrmancer, a journeyman TeAE of Vehumet (D:12)
  4 ice dragons
  A spriggan air mage (D:15)
  10 centaur warriors
  2 death knights
  3 two-headed ogres (D:14)
  2 deep troll earth magi (Depths:1)
  A deep troll shaman (D:15)
  A death yak (D:13)
  3 tengu warriors
  A titan zombie (Depths:1)
  A vampire mage (Depths:1)
  A storm dragon skeleton (Depths:1)
  A hell knight (Depths:1)
  6 skeletal warriors
  2 unseen horrors
  An unseen horror (shapeshifter) (D:14)
  A wizard (D:15)
  A phantasmal warrior (D:15)
  A necromancer (Depths:1)
  A wolf spider zombie (D:15)
  Pikel (D:6)
  3 deep elf magi
  3 ugly things
  10 cyclopes
  A frost giant zombie (Depths:1)
  7 slime creatures
  2 ice statues (IceCv)
  4 centaur zombies
  A black mamba (D:13)
  A naga mage (D:13)
  A gargoyle (D:13)
  2 kobold demonologists
  A yaktaur (shapeshifter) (D:14)
  2 komodo dragons
  3 yaktaurs
  2 rime drakes (IceCv)
  2 freezing wraiths
  4 trolls
  A hornet (D:13)
  A wind drake (shapeshifter) (D:14)
  2 dream sheep (D:8)
  2 hippogriffs
  Grinder (D:6)
  A centaur simulacrum (D:15)
  An air elemental (D:14)
  13 yaks
  A shadow (D:12)
  A water elemental (D:14)
  4 wraiths
  2 wyverns (D:13)
  A fire elemental (D:14)
  2 vampires
  3 vampire mosquitoes (D:15)
  An acid dragon (D:13)
  4 soldier ants
  2 water moccasins
  3 sky beasts
  A hornet zombie (D:8)
  17 ice beasts
  8 orc warriors
  An eye of draining (shapeshifter) (D:10)
  A black bear (D:7)
  The ghost of qpzil the Cudgeler, an amateur MiBe of Trog (D:3)
  2 eyes of draining
  2 necrophages
  2 phantoms
  5 ogres
  17 centaurs
  9 big kobolds
  Blork the orc (D:4)
  17 bullfrogs
  An earth elemental (D:14)
  A wyvern skeleton (D:13)
  2 scorpions (D:8)
  A hornet simulacrum (D:15)
  3 killer bees (D:8)
  A howler monkey (D:10)
  11 wights
  4 electric eels (D:8)
  9 crimson imps
  2 jellies
  A quasit (D:10)
  3 hounds
  12 orc priests
  Crazy Yiuf (D:6)
  3 centaur skeletons
  2 bullfrog skeletons
  2 iguanas
  9 orc wizards
  11 worker ants
  A hound zombie (D:10)
  2 worker ant zombies
  12 adders
  3 gnolls (D:2)
  5 shadow imps
  13 white imps
  An ooze (D:7)
  2 adder skeletons
  3 worms
  2 dart slugs (D:2)
  7 leopard geckos
  36 orcs
  5 giant cockroaches
  10 goblins
  11 hobgoblins
  10 jackals
  26 kobolds
  2 quokkas
  2 ball pythons
  6 bats
  3 frilled lizards
  A giant cockroach zombie (D:5)
  A goblin skeleton (D:5)
  2 goblin zombies (D:5)
  4 hobgoblin zombies (D:5)
  A jackal skeleton (D:5)
  2 kobold skeletons (D:5)
  A kobold zombie (D:5)
  A leopard gecko zombie (D:7)
  An orc zombie (D:5)
  A quokka skeleton (D:4)
  9 rats
  4 plants
511 creatures vanquished.

Vanquished Creatures (collateral kills)
  An ugly thing (D:11)
  A crimson imp (D:9)
2 creatures vanquished.

Vanquished Creatures (others)
  2 slaves (D:6)
  A bullfrog (D:12)
  A howler monkey (D:12)
  A bullfrog zombie (D:12)
  A plant (D:8)
6 creatures vanquished.

Grand Total: 519 creatures vanquished

Notes
Turn   | Place    | Note
-------+----------+-------------------------------------------
     0 | D:1      | LordEnrai the Minotaur Berserker began the quest for the Orb.
     0 | D:1      | Reached XP level 1. HP: 19/19 MP: 0/0
    62 | D:1      | Reached XP level 2. HP: 11/27 MP: 1/1
   121 | D:1      | Gained mutation: You possess an exceptional clarity of mind. [potion of mutation]
   121 | D:1      | Gained mutation: Your muscles are strong. (Str +2) [potion of mutation]
   846 | D:2      | Reached XP level 3. HP: 34/34 MP: 2/2
   850 | D:2      | Reached ** piety under Trog
   953 | D:2      | Found a shattered altar of Ashenzari.
  1214 | D:2      | Reached skill level 5 in Fighting
  1305 | D:2      | Reached XP level 4. HP: 31/42 MP: 3/3
  1310 | D:2      | Reached skill level 5 in Axes
  1348 | D:2      | Found a sparkling altar of Nemelex Xobeh.
  1615 | D:3      | Noticed qpzil's ghost (amateur MiBe)
  1629 | D:3      | Killed qpzil's ghost
  1629 | D:3      | Reached XP level 5. HP: 50/50 MP: 4/4
  1669 | D:3      | Found a sacrificial altar of Ru.
  1772 | D:3      | Reached XP level 6. HP: 58/58 MP: 5/5
  2029 | D:3      | Reached *** piety under Trog
  2284 | D:3      | Received a gift from Trog
  2737 | D:4      | Noticed Blork the orc
  2744 | D:4      | Killed Blork the orc
  2920 | D:4      | Found an ancient bone altar of Kikubaaqudgha.
  3263 | D:5      | Entered Level 5 of the Dungeon
  3271 | D:5      | Reached XP level 7. HP: 62/66 MP: 6/6
  3304 | D:5      | Found a glowing golden altar of the Shining One.
  3694 | D:5      | Found a basalt altar of Yredelemnul.
  3914 | D:5      | Noticed a hand axe
  3914 | D:5      | Noticed a hand axe
  3918 | D:5      | Found a hide-covered altar of Uskayaw.
  4123 | D:6      | Noticed Grinder
  4130 | D:6      | Paralysed by Grinder for 7 turns
  4148 | D:6      | Killed Grinder
  4148 | D:6      | Reached XP level 8. HP: 32/78 MP: 7/7
  4329 | D:6      | Noticed Pikel
  4339 | D:6      | Killed Pikel
  4339 | D:6      | Reached skill level 10 in Fighting
  4442 | D:6      | Found a staircase to the Ecumenical Temple.
  4448 | Temple   | Entered the Ecumenical Temple
  4823 | D:6      | Reached skill level 10 in Axes
  5176 | D:6      | Reached XP level 9. HP: 66/86 MP: 8/8
  5328 | D:6      | Found a runed door.
  5332 | D:6      | Noticed Crazy Yiuf
  5394 | D:6      | Killed Crazy Yiuf
  5740 | D:7      | Found a shadowy altar of Dithmenos.
  6116 | D:7      | Found an iron altar of Okawaru.
  6437 | D:7      | Reached **** piety under Trog
  6446 | D:7      | Reached skill level 5 in Armour
  7026 | D:8      | Found an ornate altar of the Wu Jian Council.
  7136 | D:8      | Reached skill level 5 in Dodging
  7211 | D:8      | Noticed a three-headed hydra
  7227 | D:8      | Found a shimmering altar of Xom.
  7518 | D:8      | Reached XP level 10. HP: 79/94 MP: 9/9
  7796 | D:8      | Received a gift from Trog
  8961 | D:9      | Reached ***** piety under Trog
  9106 | D:9      | You fall through a shaft for 2 floors!
  9209 | D:11     | Found a staircase to the Lair.
  9282 | D:11     | Found Pust's Distillery.
  9316 | D:11     | Noticed a cyclops
  9335 | D:11     | Killed a cyclops
  9456 | D:11     | Found a frozen archway.
  9498 | IceCv    | Entered an ice cave
  9551 | IceCv    | Reached skill level 10 in Armour
  9610 | IceCv    | Noticed an ice statue
  9738 | IceCv    | Reached skill level 10 in Dodging
  9884 | IceCv    | Reached XP level 11. HP: 95/101 MP: 10/10
 12371 | IceCv    | Noticed an ice dragon
 12371 | IceCv    | Noticed an ice dragon
 12382 | IceCv    | Killed an ice dragon
 12388 | IceCv    | Killed an ice dragon
 12633 | IceCv    | Got a crude platinum ring
 12638 | IceCv    | Got a brightly glowing copper ring
 12645 | IceCv    | Identified the ring of Uvviuq {+Fly MP+9} (You found it in an ice cave)
 12646 | IceCv    | Identified the ring of the Iron Devil {rElec rPois rN++ AC+2 Dex-3} (You found it in an ice cave)
 12806 | D:10     | Entered Level 10 of the Dungeon
 13027 | D:10     | Found a staircase to the Orcish Mines.
 13072 | D:10     | Found a roughly hewn altar of Beogh.
 13082 | D:10     | HP: 4/101 [orc warrior/flail (18)]
 13595 | D:10     | Noticed a six-headed hydra
 13623 | D:10     | Noticed an emperor scorpion
 13623 | D:10     | a six-headed hydra changed into an emperor scorpion
 13647 | D:10     | Killed an emperor scorpion
 13795 | D:10     | Found a blossoming altar of Fedhas.
 14415 | D:9      | Lost mutation: You possess an exceptional clarity of mind. [potion of mutation]
 14415 | D:9      | Lost mutation: Your muscles are strong. (Str +2) [potion of mutation]
 14415 | D:9      | Gained mutation: Scrolls take you a little longer to read. [potion of mutation]
 14415 | D:9      | Gained mutation: You expend magic power (3 MP) to strengthen your wands. [potion of mutation]
 14415 | D:9      | Gained mutation: You have a pair of large horns on your head. [potion of mutation]
 14416 | D:9      | Lost mutation: You expend magic power (3 MP) to strengthen your wands. [potion of mutation]
 14416 | D:9      | Lost mutation: Scrolls take you a little longer to read. [potion of mutation]
 14416 | D:9      | Lost mutation: You have a pair of large horns on your head. [potion of mutation]
 14416 | D:9      | Gained mutation: You are partially covered in large bone plates. (SH +4) [potion of mutation]
 14416 | D:9      | Gained mutation: You are resistant to hostile enchantments. (MR+) [potion of mutation]
 14598 | D:11     | Noticed a green ugly thing
 14607 | D:11     | Killed a white ugly thing
 15016 | D:12     | Noticed Gorgondantess's ghost (journeyman TeAE)
 15049 | D:12     | Killed Gorgondantess's ghost
 15369 | D:12     | Reached XP level 12. HP: 112/112 MP: 11/11
 15868 | D:12     | Noticed a death knight
 15876 | D:12     | Killed a death knight
 16294 | D:13     | Noticed a six-headed hydra
 16993 | D:13     | Noticed a death yak
 16993 | D:13     | a six-headed hydra changed into a death yak
 16999 | D:13     | Killed a death yak
 17042 | D:13     | Received a gift from Trog
 17455 | D:13     | Noticed a centaur warrior
 17473 | D:13     | Killed a centaur warrior
 17789 | D:13     | Reached XP level 13. HP: 73/124 MP: 4/12
 18332 | D:13     | Found Obabi's Serpentskin Sales.
 18585 | D:14     | Reached skill level 15 in Axes
 18826 | D:14     | Found a large runed door.
 18829 | D:14     | Found a large runed door.
 18961 | D:14     | Found a gate to the Vaults.
 18975 | D:14     | Reached skill level 15 in Fighting
 19389 | D:15     | Entered Level 15 of the Dungeon
 19440 | D:15     | Found Nolucuw's Gadget Shop.
 19713 | D:15     | Reached skill level 1 in Crossbows
 19718 | D:15     | Received a gift from Trog
 20552 | D:15     | Noticed a frost giant
 20560 | D:15     | Killed a frost giant
 20560 | D:15     | Reached skill level 5 in Crossbows
 21030 | D:15     | Noticed a fire dragon
 21059 | D:15     | Killed a fire dragon
 21194 | D:15     | Reached XP level 14. HP: 96/135 MP: 13/13
 21711 | D:15     | Found a staircase to the Depths.
 21715 | Depths:1 | Entered Level 1 of the Depths
 21715 | Depths:1 | Noticed a green very ugly thing
 21715 | Depths:1 | Noticed a green very ugly thing
 21715 | Depths:1 | Noticed a green very ugly thing
 21724 | D:15     | Killed a brown very ugly thing
 21728 | D:15     | Killed a brown very ugly thing
 21743 | D:15     | Killed a green very ugly thing
 21834 | Depths:1 | Noticed a sphinx
 21839 | D:15     | Killed a sphinx
 21962 | Depths:1 | Noticed a juggernaut
 22155 | D:15     | Killed a juggernaut
 22452 | Depths:1 | Noticed a fire giant
 22738 | D:15     | Killed a fire giant
 22738 | D:15     | Reached skill level 10 in Crossbows
 23057 | Depths:1 | Noticed a fire giant
 23059 | Depths:1 | Killed a fire giant
 23072 | Depths:1 | Noticed a stone giant
 23078 | Depths:1 | Killed a stone giant
 23140 | Depths:1 | Noticed a tengu reaver
 23158 | Depths:1 | Killed a tengu reaver
 23158 | Depths:1 | Reached skill level 15 in Armour
 23195 | Depths:1 | Got a scorched lapis lazuli ring
 23423 | Depths:1 | Found a portal to a secret trove of treasure.
 23464 | Depths:1 | Received a gift from Trog
 23465 | Depths:1 | Reached XP level 15. HP: 137/141 MP: 14/14
 23579 | Depths:1 | Noticed a frost giant
 23585 | Depths:1 | Killed a frost giant
 23889 | Depths:1 | Found Askeohaj's Demolitions Depot.
 24661 | Depths:1 | Noticed Margery
 24723 | Depths:1 | Found a gateway to Hell.
 24732 | Depths:1 | Slain by Margery

Vault maps used:
D:1:      dpeg_arrival_rooms_with_view
D:2:      lemuel_doored_altar, nemelex_diamond_rough_becter
D:3:      nicolae_ru_path_of_blood, kennysheep_cluttered_room
D:4:      old_standard_altar, first_bread, uniq_blork_the_orc
D:5:      nicolae_tso_besieged_by_evil, overflow_temple_1_default,
          dancing_weapons_uskayaw
D:6:      minmay_temple_entry_fiery, minmay_misc_feat_cross, uniq_pikel,
          uniq_crazy_yiuf_cottage, uniq_grinder
D:7:      nicolae_dithmenos_the_darkroom, okawaru_metal_pillars_3
D:8:      lemuel_round_altar, xom_teletrap_fun, hangedman_ranch,
          serial_bayou_lagoon_b
D:9:      serial_bayou_crossing
D:10:     minmay_orc_entry_temple_small, serial_column_ruins, column_ruins_hut,
          column_ruins_hut, column_ruins_open_medium, column_ruins_open_tiny,
          column_ruins_open_tiny, basic_altar
D:11:     lair_entry_dummy, serial_shops, shop_fountains,
          portal_ice_cave_entry_imps
D:13:     lab_entry_generic, guppyfry_shop_venom
D:14:     david_vaults_2, kennysheep_crisscross, hangedman_decor_slide_cut,
          lightli_elemental_guards
D:15:     grunt_enter_depths_snipers, serial_shops, shop
Temple:   minmay_temple_bridge_abc
Depths:1: minmay_expanding_squares, grunt_metal_band,
          abyss_entry_small_statue_room, nicolae_trove_entry_free_sample,
          minmay_misc_feat_square, nicolae_blasting_shop
IceCv:    ice_cave_small_dragons

Skill      XL: |  1  2  3  4  5  6  7  8  9 10 11 12 13 14 15 |
---------------+----------------------------------------------+-----
Fighting       | 4 5 6 7 9 10 12 14 15 | 15.4
Axes           | 4 5 6 7 8 10 12 14 16 | 16.0
Armour         | 7 10 11 12 15 16 | 16.0
Dodging        | 6 10 11 | 11.5
Crossbows      | 6 10 11 | 11.0
Evocations     | |  0.3

Action                   |  1- 3 |  4- 6 |  7- 9 | 10-12 | 13-15 || total
-------------------------+-------+-------+-------+-------+-------++-------
Melee: Hand axe          |    91 |   109 |   282 |       |       ||   482
       Headbutt          |    15 |    18 |    67 |   147 |    78 ||   325
       Broad axe         |       |       |     6 |   440 |       ||   446
       Battleaxe         |       |       |       |   181 |   325 ||   506
 Fire: Arbalest          |       |       |       |       |    15 ||    15
Throw: Tomahawk          |       |       |     4 |    12 |       ||    16
Invok: Trog's Hand       |       |     2 |     2 |    19 |     7 ||    30
       Berserk           |       |     1 |     3 |     5 |     3 ||    12
       Burn Spellbooks   |       |       |     1 |     3 |     3 ||     7
Evoke: Wand              |       |       |       |     9 |       ||     9
       Phial of floods   |       |       |       |     1 |       ||     1
  Use: Potion            |     5 |     1 |       |    12 |     2 ||    20
       Scroll            |     4 |     5 |     6 |    11 |     4 ||    30
 Stab: Sleeping          |       |       |       |     1 |       ||     1
  Eat: Chunk             |     1 |     4 |     4 |    16 |     8 ||    33
       Fruit             |       |     1 |       |     8 |     2 ||    11
       Bread ration      |       |     1 |     2 |     3 |     3 ||     9
       Meat ration       |       |       |     1 |       |       ||     1
       Royal jelly       |       |       |       |     3 |     2 ||     5
Armor: Animal skin       |    27 |    25 |    91 |    33 |       ||   176
       Ring mail         |       |       |       |    72 |       ||    72
       Ice dragon scales |       |       |       |    60 |   160 ||   220
       Plate armour      |       |       |       |   167 |    60 ||   227
Dodge: Dodged            |    54 |    64 |   125 |   356 |   208 ||   807
Block: Other             |       |       |       |    45 |    61 ||   106
